 Dungeon Crawl Stone Soup version 0.19.1-1-g22dce08 (webtiles) character file.

261 dngmouse the Chopper (level 5, 0/47 HPs)
             Began as a Minotaur Monk on Jan 16, 2017.
             Slain by Paps's ghost (13 damage)
             ... on level 4 of the Dungeon.
             The game lasted 00:13:31 (3077 turns).

dngmouse the Chopper (Minotaur Monk)                Turns: 3077, Time: 00:13:31

Health: 0/47       AC:  5    Str: 17    XL:     5   Next: 96%
Magic:  4/4        EV: 12    Int:  9    God:
Gold:   86         SH:  0    Dex: 12    Spells: 0 memorised, 4 levels left

rFire  . . .     SeeInvis .     a - +0 hand axe
rCold  . . .     Gourm    .     i - +0 ring mail
rNeg   . . .     Faith    .     (no shield)
rPois  .         Spirit   .     (helmet restricted)
rElec  .         Reflect  .     (no cloak)
rCorr  .         Harm     .     (no gloves)
MR     .....                    (no boots)
Stlth  +.........               (no amulet)
                                (no ring)
                                e - +2 ring of intelligence

@: no status effects
A: retaliatory headbutt, horns 2
a: no special abilities


You were on level 4 of the Dungeon.
You were not hungry.

You visited 1 branch of the dungeon, and saw 4 of its levels.

You collected 86 gold pieces.

Inventory:

Hand Weapons
 a - a +0 hand axe (weapon)
Armour
 i - a +0 ring mail (worn)
Jewellery
 e - a +2 ring of intelligence (left hand)
 l - an uncursed ring of protection from fire {unknown}
Wands
 b - a wand of digging (10/24)
Scrolls
 d - a scroll of enchant weapon {unknown}
 f - 4 scrolls of fog {unknown}
 g - a scroll of immolation {unknown}
 j - 2 scrolls of remove curse {unknown}
 k - 3 scrolls of identify {unknown}
 r - a scroll of fear {unknown}
 s - 2 scrolls of recharging {unknown}
 t - a scroll of teleportation {unknown}
 v - a scroll of blinking {unknown}
Potions
 h - 3 potions of curing
Comestibles
 c - 2 bread rations
 n - 3 fruits
 u - a royal jelly


   Skills:
 - Level 4.3 Fighting
 * Level 7.7 Axes
 - Level 3.2 Dodging
 - Level 1.5 Stealth


You had 4 spell levels left.
You didn't know any spells.

Dungeon Overview and Level Annotations

Branches:
Dungeon (4/15)
 Temple: D:4-7

Altars:
Cheibriados

Annotations:
D:4 Paps's ghost, novice GrFi


Innate Abilities, Weirdness & Mutations

You reflexively headbutt those who attack you in melee.
You have a pair of horns on your head.


Message History

Paps's ghost hits you but does no damage.
You hit Paps's ghost.
You headbutt Paps's ghost, but do no damage.
Paps's ghost is severely damaged.
Paps's ghost hits you but does no damage.
You hit Paps's ghost but do no damage.
Paps's ghost is severely damaged.
Paps's ghost hits you!
* * * LOW HITPOINT WARNING * * *
You hit Paps's ghost but do no damage. Your headbutt misses Paps's ghost.
Paps's ghost is severely damaged.
Paps's ghost completely misses you.
You barely miss Paps's ghost.
Paps's ghost is severely damaged.
Paps's ghost completely misses you. You furiously retaliate!
You headbutt Paps's ghost. You closely miss Paps's ghost.
Your headbutt misses Paps's ghost.
Paps's ghost is almost destroyed.
Paps's ghost hits you!
You die...

#.# ##.#####.#.##.[
#.# # ... ...#.# ##
#.# #.#.# #####.#
#.# ###.#.#######.#
#.# #.............#
#.###.#.#.#########
#.......#)......#
#####.#########.#
#@# #.# #W# #.# #s#
#.# #.# #.# #.# #.#
# #.# #.# # ...
#.## ### ... #..#
#.. ##.# #..


You could see Paps's ghost and a giant cockroach.

Vanquished Creatures
  2 iguanas (D:4)
  Jessica (D:3)
  2 worker ants (D:4)
  8 adders
  An ooze (D:2)
  3 worms
  A dart slug (D:2)
  2 ball pythons
  3 giant cockroaches
  4 goblins
  5 hobgoblins
  4 bats
  5 frilled lizards
  11 kobolds
  4 rats
56 creatures vanquished.

Notes
Turn   | Place    | Note
-------+----------+-------------------------------------------
     0 | D:1      | dngmouse the Minotaur Monk began the quest for the Orb.
     0 | D:1      | Reached XP level 1. HP: 19/19 MP: 0/0
   297 | D:1      | Reached skill level 4 in Axes
   740 | D:1      | Reached XP level 2. HP: 26/27 MP: 1/1
   883 | D:1      | Reached XP level 3. HP: 22/33 MP: 2/2
  1098 | D:2      | Reached skill level 5 in Axes
  1784 | D:2      | Found a snail-covered altar of Cheibriados.
  2049 | D:3      | Reached XP level 4. HP: 41/41 MP: 3/3
  2214 | D:3      | Reached skill level 6 in Axes
  2222 | D:3      | Noticed Jessica
  2228 | D:3      | Killed Jessica
  2230 | D:3      | Reached XP level 5. HP: 30/47 MP: 4/4
  2673 | D:4      | Reached skill level 7 in Axes
  3036 | D:4      | Noticed Paps's ghost (novice GrFi)
  3077 | D:4      | Slain by Paps's ghost

Skill      XL: |  1  2  3  4  5 |
---------------+----------------+-----
Axes           | 4 5 6 7 |  7.7
Fighting       | 4 |  4.3
Dodging        | |  3.2
Stealth        | |  1.5

Action                   |  1- 3 |  4- 6 || total
-------------------------+-------+-------++-------
Melee: Hand axe          |    79 |    91 ||   170
       Headbutt          |    10 |    21 ||    31
  Use: Potion            |       |     6 ||     6
  Eat: Chunk             |     3 |     4 ||     7
Armor: Ring mail         |    21 |    19 ||    40
Dodge: Dodged            |    66 |    47 ||   113
